 Dungeon Crawl Stone Soup version 0.32-a0-673-g3729bd50f8 (webtiles) character file.

Game seed: 12792526331704958237

2 pisaster the Chiller (level 1, 0/13 HPs)
             Began as a Demonspawn Ice Elementalist on Mar 11, 2024.
             Slain by a dart slug (2 damage)
             ... on level 1 of the Dungeon.
             The game lasted 00:01:41 (258 turns).

pisaster the Chiller (Demonspawn Ice Elementalist)   Turns: 258, Time: 00:01:41

Health: 0/13       AC:  2    Str:  8    XL:     1   Next: 33%
Magic:  1/3        EV: 12    Int: 15    God:
Gold:   24         SH:  0    Dex: 13    Spells: 3/4 levels left

rFire   . . .        (no weapon)
rCold   . . .        (no shield)
rNeg    . . .        a - +0 robe
rPois   .            (no helmet)
rElec   .            (no cloak)
rCorr   .            (no gloves)
SInv    .            (no boots)
Will    .....        (no amulet)
Stlth   ++           (no ring)
HPRegen 0.22/turn    (no ring)
MPRegen 0.08/turn

%: no passive effects
@: no status effects
A: no striking features
a: no special abilities


You were on level 1 of the Dungeon.
You visited 1 branch of the dungeon, and saw 1 of its levels.

You collected 24 gold pieces.

Inventory:

Armour
 a - a +0 robe (worn)
Scrolls
 c - a scroll of vulnerability {unknown}
Potions
 b - a potion of magic


   Skills:
 - Level 1.7 Dodging
 * Level 2.0 Stealth
 - Level 2.0 Spellcasting
 + Level 3.6 Ice Magic


You had 3 spell levels left.
You knew the following spells:

 Your Spells              Type           Power      Damage    Failure   Level
a - Freeze                Ice            48%        1d6       4%          1

Your spell library contained the following spells:

 Spells                   Type           Power      Damage    Failure   Level
 Frozen Ramparts          Ice            24%        1d4       16%         3
 Ozocubu's Armour         Ice            12%        N/A       16%         3
 Summon Ice Beast         Ice/Summ       6%         N/A       32%         3


Dungeon Overview and Level Annotations

Branches:
Dungeon (1/15)

Altars:


Message History

Found a staircase leading out of the dungeon.
Unknown command.
You open the large door.
Found 6 gold pieces.
There is a large open door here.
You now have 6 gold pieces.
You now have 24 gold pieces (gained 18).
c - a scroll labelled NYTUIH OMADDUCK You open the large door.
Found an escape hatch in the floor.
You hear a shout!
The hobgoblin shouts!
There is a stone staircase leading down here.
You open the large door. But you're not safe!
You enter the shallow water.
Moving in this stuff is going to be slow.
You enter the shallow water.
Moving in this stuff is going to be slow.
Unknown command.
You closely miss the giant cockroach.
The giant cockroach splashes around in the water.
Aiming: Freeze (safe; 4% risk of failure)
Press: ? - help, Q - select action Shift-Dir - straight line, f - giant cockroach
Aim: a giant cockroach You freeze the giant cockroach.
You kill the giant cockroach!
But you're not safe!
You start waiting.
Done waiting.
You open the large door.
There is a large open door here.
Found a helmet.
You open the large door.
Found 19 gold pieces.
You open the large door.
There is a large open door here.
You enter the shallow water.
Moving in this stuff is going to be slow.
A goblin comes into view. It is wielding a +0 dagger.
The goblin shouts!
Found a falchion.
A ball python comes into view.
The ball python moves out of view.
You freeze the goblin.
The goblin is heavily wounded.
The goblin closely misses you.
You freeze the goblin.
The goblin is severely wounded.
The goblin barely misses you.
The ball python hisses angrily.
You hit the goblin but do no damage.
The goblin is severely wounded.
The goblin hits you with a +0 dagger.
You hit the goblin.
You kill the goblin!
A ball python comes into view.
Your Stealth skill increases to level 2!
A rat comes into view.
The ball python closely misses you. The ball python misses you.
The rat moves out of view.
You see here a +0 dagger.
You miscast Freeze.
You are very lightly contaminated with residual magic.
Nothing appears to happen.
The ball python bites you. The ball python closely misses you.
Found a sedimented clear potion.
The ball python closely misses you. x2
The ball python bites you. The ball python grabs you.
The ball python constricts you.
You escape the ball python's grasp.
The rat squeaks loudly.
You closely miss the ball python. The ball python misses you.
The ball python closely misses you.
You hit the ball python but do no damage.
The ball python barely misses you. The ball python grabs you.
The ball python constricts you. The ball python bites you.
The ball python constricts you.
Your magical contamination has completely faded away.
You escape the ball python's grasp.
You enter a teleport trap!
The teleport trap disappears.
Your surroundings suddenly seem different.
A dart slug and a bat come into view.
Found 10 gold pieces.
The dart slug launches a dart at you. The slug dart hits you.
The bat barely misses you. The bat hits you. The bat barely misses you.
The bat barely misses you.
You hit the bat.
The bat is moderately wounded.
The bat barely misses you. x2; The bat closely misses you.
You closely miss the bat.
The bat is moderately wounded.
The bat hits you. The dart slug launches a dart at you. The slug dart hits you.
* * * LOW HITPOINT WARNING * * *
The bat misses you. The dart slug bites you.
You die...

##########
#.........
#.........
...........
#.........
...........
#......$..
..........#.
##bw...#.#
~~~~~≈≈~≈...#
#@#...# .
≈≈≈≈≈≈≈≈~...#
#.#####
≈≈≈≈≈≈≈≈~...#
#.....#
≈#'#'#≈≈≈...#
....#.#
##..>'≈≈~...#
####.#
.'...'≈≈~...#
.#
.###'#≈≈~...#
.#
...#~~≈~....#
#
.⌠.'~~≈..⌠..#


You could see a dart slug and a bat.

Vanquished Creatures
  A giant cockroach (D:1)
  A goblin (D:1)
2 creatures vanquished.

Notes
Turn   | Place    | Note
-------+----------+-------------------------------------------
     0 | D:1      | pisaster the Demonspawn Ice Elementalist began the quest
                  | for the Orb.
     0 | D:1      | Reached XP level 1. HP: 13/13 MP: 3/3
   258 | D:1      | Slain by a dart slug

Illustrated notes

Levels and vault maps discovered:
D:1:      dpeg_arrival_castle, layout_basic, minmay_ruptured

Skill      XL: |  1 |
---------------+----+-----
Stealth        | 2 |  2.0
Dodging        | |  1.7
Spellcasting   | |  2.0
Ice Magic      | |  3.6

Action                     || total
---------------------------++-------
  Melee: Unarmed           ||     7
   Cast: Freeze            ||     3
 Armour: Robe              ||    12
  Dodge: Dodged            ||    17

Table legend: (Time is in decaauts)
 A = Elapsed time spent in this place.
 B = Non-inter-level travel time spent in this place.
 C = Inter-level travel time spent in this place.
 D = Time resting spent in this place.
 E = Time spent auto-exploring this place.
 F = Levels seen in this place.
 G = Mean time per level.
                   A        B        C        D        E       F      G
               +--------+--------+--------+--------+--------+-----+--------+
         Total |    262 |    247 |     15 |    100 |     28 |   1 |  262.0 |
       Dungeon |    262 |    247 |     15 |    100 |     28 |   1 |  262.0 |
               +--------+--------+--------+--------+--------+-----+--------+

Top non-repeatable levels by time:
     D:1: 262 daAuts

Action                     || total
---------------------------++-------
  Melee: Unarmed           ||     7
   Cast: Freeze            ||     3
 Armour: Robe              ||    12
  Dodge: Dodged            ||    17

Table legend: (Time is in decaauts)
 A = Elapsed time spent in this place.
 B = Non-inter-level travel time spent in this place.
 C = Inter-level travel time spent in this place.
 D = Time resting spent in this place.
 E = Time spent auto-exploring this place.
 F = Levels seen in this place.
 G = Mean time per level.
                   A        B        C        D        E       F      G
               +--------+--------+--------+--------+--------+-----+--------+
         Total |    262 |    247 |     15 |    100 |     28 |   1 |  262.0 |
       Dungeon |    262 |    247 |     15 |    100 |     28 |   1 |  262.0 |
               +--------+--------+--------+--------+--------+-----+--------+

Top non-repeatable levels by time:
     D:1: 262 daAuts
